 Dungeon Crawl Stone Soup version 0.28-a0-265-g048bc9fd10 (webtiles) character file.

Game seed: 13921106086481309340

35 theanonym the Sneak (level 3, -2/29 HPs)
             Began as a Mummy Delver on Aug 27, 2021.
             Slain by a water moccasin (7 damage)
             ... on level 4 of the Dungeon.
             The game lasted 00:00:51 (690 turns).

theanonym the Sneak (Mummy Delver)                   Turns: 690, Time: 00:00:52

Health: -2/29      AC:  3    Str: 16    XL:     3   Next: 17%
Magic:  3/3        EV: 11    Int:  9    God:
Gold:   15         SH:  0    Dex: 13    Spells: 2/2 levels left

rFire   x . .      SeeInvis .   a - +0 hand axe
rCold   + . .      Faith    .   (no shield)
rNeg    + + +      Spirit   .   b - +0 leather armour
rPois   ∞          Reflect  .   (no helmet)
rElec   .          Harm     .   (no cloak)
rCorr   .          Rampage  .   (no gloves)
Will    .....                   (no boots)
Stlth   ++........              (no amulet)
HPRegen 0.09/turn               (no ring)
MPRegen 0.08/turn               (no ring)

@: no status effects
A: cold resistance 1, negative energy resistance 3, torment resistance 2, heat
vulnerability 1, no potions
a: no special abilities


Innate Abilities, Weirdness & Mutations

You are immune to poison.
Your flesh is cold resistant. (rC+)
You are immune to negative energy. (rN+++)
You are immune to unholy pain and torment.
You are vulnerable to heat. (rF-)
You do not drink.


   Skills:
 + Level 3.3 Fighting
 * Level 2.4 Axes
 + Level 1.0 Armour
 - Level 1.5 Dodging
 - Level 4.1 Stealth


You had 2 spell levels left.
You didn't know any spells.
Your spell library was empty.

Skill      XL: |  1  2 |
---------------+-------+-----
Axes           | 2 |  2.4
Armour         | 1 |  1.0
Fighting       | |  3.3
Dodging        | |  1.5
Stealth        | |  4.1

Action                   || total
-------------------------++-------
Melee: Hand axe          ||    35
Armor: Leather armour    ||     3
Dodge: Dodged            ||    24

Inventory:

Hand Weapons
 a - a +0 hand axe (weapon)
Armour
 b - a +0 leather armour (worn)
Wands
 c - a wand of digging (3)
Scrolls
 e - a scroll of fear
 f - 2 scrolls of fog
 y - a scroll of magic mapping


You were on level 4 of the Dungeon.
You visited 2 branches of the dungeon, and saw 3 of its levels.

You collected 15 gold pieces.

Dungeon Overview and Level Annotations

Branches:
Dungeon (5/15)             Temple (1/1) D:4

Altars:
Cheibriados
Dithmenos
Fedhas
Gozag
Hepliaklqana
Kikubaaqudgha
Makhleb
Nemelex Xobeh
Okawaru
Qazlal
Ru
Uskayaw
Vehumet
Wu Jian
Xom
Yredelemnul
Zin
The Shining One

.............^.###
.####...##.....# #..
.####...##.....# ..
.......###.....##..
.......# #.#'#.#.. .
.......###!#'#.... ....
.................# ....
....§...........S# .....
.....§§..#......@#......
.........#.......#......
..#......#.#+###...#
...................#
.........#......†..#
...#########...........
... ############ ... .


You could see a water moccasin.

Notes
Turn   | Place    | Note
-------+----------+-------------------------------------------
     0 | D:5      | theanonym the Mummy Delver began the quest for the Orb.
     0 | D:5      | Reached XP level 1. HP: 18/18 MP: 1/1
     2 | D:5      | Noticed a hound
    23 | D:5      | HP: 8/18 [adder (4)]
    25 | D:5      | Reached skill level 2 in Axes
    25 | D:5      | Reached XP level 2. HP: 11/24 MP: 2/2
    29 | D:5      | HP: 5/24 [orc (1)]
   303 | D:4      | Found a staircase to the Ecumenical Temple.
   312 | Temple   | Entered the Ecumenical Temple
   545 | D:4      | HP: 12/24 [adder (4)]
   549 | D:4      | Reached skill level 1 in Armour
   549 | D:4      | Reached XP level 3. HP: 15/29 MP: 3/3
   682 | D:4      | Noticed a water moccasin
   687 | D:4      | HP: 12/29 [water moccasin (7)]
   689 | D:4      | HP: 5/29 [water moccasin (1)]
   690 | D:4      | Slain by a water moccasin

Vanquished Creatures
  A hound skeleton (D:4)
  2 adders
  An orc (D:5)
  A kobold (D:4)
5 creatures vanquished.

Table legend: (Time is in decaauts)
 A = Elapsed time spent in this place.
 B = Non-inter-level travel time spent in this place.
 C = Inter-level travel time spent in this place.
 D = Time resting spent in this place.
 E = Time spent auto-exploring this place.
 F = Levels seen in this place.
 G = Mean time per level.
                   A        B        C        D        E       F      G
               +--------+--------+--------+--------+--------+-----+--------+
         Total |    697 |    666 |     31 |    431 |    133 |   3 |  232.3 |
       Dungeon |    571 |    568 |      3 |    431 |     37 |   2 |  285.5 |
        Temple |    125 |     97 |     28 |      0 |     96 |   1 |  125.0 |
               +--------+--------+--------+--------+--------+-----+--------+

Top non-repeatable levels by time:
     D:4: 293 daAuts
     D:5: 277 daAuts
  Temple: 125 daAuts
